 Dungeon Crawl Stone Soup version 0.23-a0-417-gf02c810438 (webtiles) character file.

3194 ArschAngel the Thaumaturge (level 9, -6/66 HPs)
             Began as a Gnoll Wizard on Nov 10, 2018.
             Was an Initiate of Ashenzari.
             Splashed by an acid dragon's acid (14 damage)
             ... on level 8 of the Dungeon.
             The game lasted 00:30:31 (10841 turns).

ArschAngel the Thaumaturge (Gnoll Wizard)          Turns: 10841, Time: 00:30:32

Health: -6/66      AC:  0    Str:  9    XL:     9   Next: 96%
Magic:  11/21      EV: 14    Int: 28    God:    Ashenzari [......]
Gold:   467        SH:  0    Dex: 10    Spells: 14/25 levels left

rFire    + + .     SeeInvis .   A - +6 dagger "Dolyoxong" {protect, +Inv MR++ Int+4 Dex-4}
rCold    + . .     Gourm    .   (no shield)
rNeg     . . .     Faith    .   C - +1 robe {rC+ rF+} (curse)
rPois    +         Spirit   .   b - +0 hat
rElec    .         Reflect  .   (no cloak)
rCorr    .         Harm     .   (no gloves)
MR       ++...                  o - +0 pair of boots
Stlth    +++.......             n - amulet of rage
HPRegen  0.21/turn              D - ring of the Queen {rPois AC+3} (curse)
MPRegen  0.17/turn              u - ring of protection from fire (curse)

@: about to teleport, corroded, very slightly contaminated
A: distributed training, fangs 1, strong nose
a: Curse Item, Renounce Religion, Evoke Berserk Rage, Evoke Invisibility


You were on level 8 of the Dungeon.
You worshipped Ashenzari.
Ashenzari was noncommittal.
You were hungry.

You visited 2 branches of the dungeon, and saw 9 of its levels.

You collected 509 gold pieces.
You spent 42 gold pieces at shops.

Inventory:

Hand Weapons
 e - a +0 dagger
 g - a +0 spear
 j - a +2 whip of electrocution
 v - a +0 trident of venom
 A - the +6 dagger "Dolyoxong" (weapon) {protect, +Inv MR++ Int+4 Dex-4}
   (You found it on level 4 of the Dungeon)

   It protects the one who uses it against injury (+AC on strike).
   It affects your intelligence (+4).
   It affects your dexterity (-4).
   It affects your resistance to hostile enchantments.
   It lets you turn invisible.
Armour
 b - a +0 hat (worn)
 o - a +0 pair of boots (worn)
 C - a cursed +1 robe of resistance (worn)
Jewellery
 c - an uncursed ring of protection from cold
 n - an amulet of rage (around neck)
 u - a cursed ring of protection from fire (right hand)
 x - an uncursed amulet of harm
 D - the cursed ring of the Queen (left hand) {rPois AC+3}
   (You found it on level 4 of the Dungeon)

   [ring of protection]

   It affects your AC (+3).
   It protects you from poison.
   It has a curse placed upon it.
 G - an uncursed ring of protection from magic
Wands
 B - a wand of paralysis (8)
 F - a wand of enslavement (11)
 K - a wand of acid (7)
 L - a wand of flame (17)
Scrolls
 a - a scroll of blinking
 f - a scroll of amnesia
 l - 4 scrolls of teleportation
 y - a scroll of magic mapping {unknown}
 H - a scroll of fog {unknown}
 J - a scroll of remove curse
Potions
 h - a potion of magic
 i - a potion of curing
 k - 2 potions of heal wounds
 m - a potion of invisibility
 p - a potion of brilliance {unknown}
 q - a potion of berserk rage
 r - 2 potions of lignification {unknown}
 s - a potion of might
 w - 2 potions of flight {unknown}
 z - a potion of agility {unknown}
 E - 2 potions of mutation
 I - 3 potions of haste {unknown}
Comestibles
 d - 13 rations


   Skills:
 + Level 4.6 Fighting
 + Level 4.6 Short Blades
 + Level 4.6 Long Blades
 + Level 4.6 Axes
 + Level 4.6 Maces & Flails
 + Level 4.6 Polearms
 + Level 4.6 Staves
 + Level 4.6 Slings
 + Level 4.6 Bows
 + Level 4.6 Crossbows
 + Level 4.6 Throwing
 + Level 4.6 Armour
 + Level 6.6 Dodging
 + Level 6.3 Stealth
 + Level 4.6 Shields
 + Level 4.6 Unarmed Combat
 + Level 8.6 Spellcasting
 + Level 4.4 Conjurations
 + Level 3.8 Hexes
 + Level 3.8 Charms
 + Level 4.4 Summonings
 + Level 3.8 Necromancy
 + Level 4.4 Translocations
 + Level 3.8 Transmutations
 + Level 3.8 Fire Magic
 + Level 3.8 Ice Magic
 + Level 3.8 Air Magic
 + Level 3.8 Earth Magic
 + Level 3.8 Poison Magic
 + Level 5.1 Invocations
 + Level 4.6 Evocations


You had 14 spell levels left.
You knew the following spells:

 Your Spells              Type           Power        Failure   Level  Hunger
a - Poisonous Vapours     Pois/Air       ####..       1%          2    None
b - Mephitic Cloud        Conj/Pois/Air  ####....     2%          3    None
c - Call Imp              Summ           #####...     1%          2    None
d - Airstrike             Air            ####......   10%         4    #......

Your spell library contained the following spells:

 Spells                   Type           Power        Failure   Level  Hunger
 Confusing Touch          Hex            ####..       1%          1    None
 Magic Dart               Conj           ####         1%          1    None
 Shock                    Conj/Air       ####         1%          1    None
 Blink                    Tloc           N/A          1%          2    None
 Searing Ray              Conj           #####.       1%          2    None
 Slow                     Hex            ####....     1%          2    None
 Swiftness                Chrm/Air       ####....     1%          2    None
 Confuse                  Hex            ####....     2%          3    None
 Conjure Flame            Conj/Fire      #####...     2%          3    None
 Dazzling Spray           Conj/Hex       #####.       2%          3    None
 Gell's Gravitas          Tloc           #####.....   2%          3    None
 Static Discharge         Conj/Air       #####...     2%          3    None
 Force Lance              Conj/Tloc      #####...     8%          4    #......
 Iskenderun's Mystic Bla  Conj           #####...     8%          4    #......
 Fulminant Prism          Conj/Hex       #####.....   9%          4    #......
 Petrify                  Tmut/Erth      ####....     10%         4    #......
 Lightning Bolt           Conj/Air       #####.....   22%         5    ####...
 Metabolic Englaciation   Hex/Ice        ####......   26%         5    ####...
 Yara's Violent Unravell  Hex/Tmut       ####......   26%         5    ####...
 Freezing Cloud           Conj/Ice/Air   ####......   80%         6    ######.
 Ring of Flames           Chrm/Fire      ####......   100%        7    #######


Dungeon Overview and Level Annotations

Branches:
Dungeon (8/15)             Temple (1/1) D:7
   Lair: D:8-11

Altars:
Ashenzari
Cheibriados
Dithmenos
Makhleb
Nemelex Xobeh
Qazlal
Ru
Vehumet
Wu Jian
Zin
The Shining One

Shops:
D:8 (*(

Annotations:
D:6 exclusion: electric eel


Innate Abilities, Weirdness & Mutations

Your experience applies equally to all skills.
You have very sharp teeth.
Your uncanny sense of smell can sniff out nearby items.


Message History

Your crimson imp blinks!
Casting: Call Imp (safe; 1% risk of failure)
Confirm with . or Enter, or press ? or * to list all spells.
A beastly little devil appears in a puff of flame.
The acid dragon spits acid at you. The splash of acid hits you!
The acid corrodes you!
You are splashed with acid!
The acid burns!
* * * LOW HITPOINT WARNING * * *
Your iron imp barely misses the acid dragon.
Your crimson imp blinks!
You feel much better.
Your iron imp hits the acid dragon.
As you read the scroll of teleportation, it crumbles to dust.
You feel strangely unstable. The acid dragon bites you!
The acid dragon claws you.
Your iron imp hits the acid dragon.
Your crimson imp blinks!
The acid dragon spits acid at you. The splash of acid hits you!
* * * LOW HITPOINT WARNING * * *
The acid corrodes you!
You are splashed with acid!
The acid burns!
You die...

#########
#.......#
#5......#
#@......#
#..ยง....#
#.D.....#
#.55....#
#.......#
#.......#
#.......#####
#...........##
###########..#####


You could see an acid dragon, a friendly iron imp and 2 friendly crimson imps.

Vanquished Creatures
  Pikel (D:4)
  A hippogriff (D:8)
  A spriggan (D:8)
  Sigmund (D:5)
  An ice beast (D:8)
  A slave (D:4)
  A sky beast (D:8)
  4 ogres
  3 phantoms
  A centaur (D:6)
  3 bullfrogs
  4 scorpions
  A howler monkey (D:8)
  A bullfrog zombie (D:6)
  3 crimson imps
  A centaur skeleton (D:4)
  An orc priest (D:3)
  A gnoll shaman (D:5)
  3 hounds
  An iguana (D:8)
  3 orc wizards
  Terence (D:3)
  3 worker ants
  A hound skeleton (D:6)
  A worker ant zombie (D:8)
  A gnoll (D:5)
  2 adders
  2 shadow imps
  2 oozes
  3 worms (D:2)
  2 dart slugs (D:1)
  5 leopard geckos
  18 orcs
  9 bats
  4 giant cockroaches
  10 goblins
  12 hobgoblins
  11 jackals
  4 quokkas
  A ball python (D:3)
  9 frilled lizards
  11 kobolds
  11 rats
160 creatures vanquished.

Vanquished Creatures (collateral kills)
  Grinder (D:5)
  A hippogriff (D:7)
  Duvessa (D:4)
  A sky beast (D:6)
  A big kobold (D:7)
  Dowan (D:5)
  A howler monkey (D:4)
  An orc priest (D:4)
  2 hounds
  An orc wizard (D:4)
  A centaur skeleton (D:8)
  Ijyb (D:3)
  2 worker ants
  3 gnolls (D:5)
  3 adders
  An adder skeleton (D:4)
  A worm (D:3)
  3 orcs
  2 kobolds (D:7)
  A leopard gecko skeleton (D:8)
29 creatures vanquished.

Grand Total: 189 creatures vanquished

Notes
Turn   | Place    | Note
-------+----------+-------------------------------------------
     0 | D:1      | ArschAngel the Gnoll Wizard began the quest for the Orb.
     0 | D:1      | Reached XP level 1. HP: 13/13 MP: 8/8
   168 | D:1      | Reached XP level 2. HP: 17/19 MP: 10/10
   484 | D:1      | Reached XP level 3. HP: 25/25 MP: 9/11
   493 | D:1      | Learned a level 3 spell: Mephitic Cloud
   496 | D:1      | Learned a level 2 spell: Call Imp
  1024 | D:2      | Reached skill level 1 in Invocations
  1211 | D:2      | Reached skill level 1 in Fighting
  1211 | D:2      | Reached skill level 1 in Short Blades
  1211 | D:2      | Reached skill level 1 in Long Blades
  1211 | D:2      | Reached skill level 1 in Axes
  1211 | D:2      | Reached skill level 1 in Maces & Flails
  1211 | D:2      | Reached skill level 1 in Polearms
  1211 | D:2      | Reached skill level 1 in Staves
  1211 | D:2      | Reached skill level 1 in Slings
  1211 | D:2      | Reached skill level 1 in Bows
  1211 | D:2      | Reached skill level 1 in Crossbows
  1211 | D:2      | Reached skill level 1 in Throwing
  1211 | D:2      | Reached skill level 1 in Armour
  1211 | D:2      | Reached skill level 1 in Shields
  1211 | D:2      | Reached skill level 1 in Unarmed Combat
  1211 | D:2      | Reached skill level 1 in Evocations
  1256 | D:2      | Found a shadowy altar of Dithmenos.
  1303 | D:2      | Found a burning altar of Makhleb.
  1311 | D:2      | Reached XP level 4. HP: 32/32 MP: 3/13
  1455 | D:2      | Found a glowing golden altar of the Shining One.
  1783 | D:2      | Found an ornate altar of the Wu Jian Council.
  1966 | D:2      | Reached skill level 1 in Hexes
  1966 | D:2      | Reached skill level 1 in Charms
  1966 | D:2      | Reached skill level 1 in Necromancy
  1966 | D:2      | Reached skill level 1 in Transmutations
  1966 | D:2      | Reached skill level 1 in Fire Magic
  1966 | D:2      | Reached skill level 1 in Ice Magic
  1966 | D:2      | Reached skill level 1 in Air Magic
  1966 | D:2      | Reached skill level 1 in Earth Magic
  1966 | D:2      | Reached skill level 1 in Poison Magic
  2589 | D:3      | Found a snail-covered altar of Cheibriados.
  2852 | D:3      | Noticed Terence
  2863 | D:3      | Killed Terence
  2863 | D:3      | Reached XP level 5. HP: 37/37 MP: 4/14
  2921 | D:3      | Found a stormy altar of Qazlal.
  2967 | D:3      | Noticed Ijyb
  2978 | D:3      | Killed Ijyb
  3399 | D:3      | Reached XP level 6. HP: 44/44 MP: 12/16
  3863 | D:4      | Reached skill level 5 in Dodging
  3926 | D:4      | Got a wavering marble ring
  3941 | D:4      | Found a shadowy altar of Dithmenos.
  4574 | D:5      | Entered Level 5 of the Dungeon
  4603 | D:5      | Identified the ring of the Queen {rPois AC+3} (You found it
                  | on level 4 of the Dungeon)
  4670 | D:5      | Noticed a phantom
  4779 | D:5      | Killed a phantom
  4903 | D:5      | Reached XP level 7. HP: 45/50 MP: 11/18
  4949 | D:5      | Noticed Grinder
  5020 | D:5      | Killed Grinder
  5426 | D:5      | Noticed Dowan
  5445 | D:5      | Killed Dowan
  6281 | D:5      | Reached skill level 5 in Stealth
  6432 | D:5      | Noticed Duvessa
  6433 | D:5      | Noticed Sigmund
  6440 | D:5      | Noticed Pikel
  6683 | D:4      | Got a slimy dagger
  6705 | D:4      | Identified the +6 dagger "Dolyoxong" {protect, +Inv MR++
                  | Int+4 Dex-4} (You found it on level 4 of the Dungeon)
  6727 | D:4      | Killed Duvessa
  6815 | D:4      | Killed Pikel
  6815 | D:4      | Reached XP level 8. HP: 33/58 MP: 8/19
  6983 | D:5      | Killed Sigmund
  7165 | D:5      | Found a radiant altar of Vehumet.
  7511 | D:6      | Reached skill level 8 in Spellcasting
  7784 | D:6      | Found a shattered altar of Ashenzari.
  7790 | D:6      | Became a worshipper of Ashenzari the Shackled
  7962 | D:6      | Found a sacrificial altar of Ru.
  8027 | D:6      | Found a sparkling altar of Nemelex Xobeh.
  8168 | D:6      | Found a glowing silver altar of Zin.
  8438 | D:7      | Learned a level 4 spell: Airstrike
  8683 | D:7      | Reached XP level 9. HP: 65/65 MP: 15/21
  9493 | D:7      | Found a staircase to the Ecumenical Temple.
  9553 | Temple   | Entered the Ecumenical Temple
  9662 | D:8      | Found Ineb's Weapon Boutique.
  9699 | D:8      | Learned a level 2 spell: Poisonous Vapours
  9757 | D:8      | Found Vaucal's General Store.
  9768 | D:8      | Bought a scroll of remove curse for 42 gold pieces
 10233 | D:8      | Found Etusuth's Weapon Shop.
 10272 | D:8      | Reached skill level 5 in Invocations
 10841 | D:8      | Splashed by an acid dragon's acid

Vault maps used:
D:1:      onia_arrival_mini_spirals
D:2:      lemuel_round_altar, marbit_many_paths, tso_altar,
          nicolae_overflow_crystal_walls
D:3:      cheibrodos_greedy_goblins, grunt_qazlal_sundering,
          lemuel_crystal_altar, uniq_ijyb, uniq_terence
D:4:      first_ration, grunt_dithmenos_smoke_and_mirrors
D:5:      basic_altar, solitary_fountain, uniq_duvessa, uniq_sigmund,
          uniq_pikel, uniq_grinder
D:6:      hangedman_ru_absence, kennysheep_little_box, lemuel_round_altar,
          lemuel_round_altar, serial_glass, glass_columns_a, glass_columns_c,
          glass_columns_a, glass_columns_b, glass_columns_a, glass_columns_a,
          kennysheep_cross_bottleneck
D:7:      temple_hall
D:8:      serial_shops, shop_statue,
          nicolae_shop_temple_entry_statues_fountains, nicolae_shop_stone,
          grunt_pizzeria, minmay_manual_mullet
Temple:   minmay_temple_curvy_loop

Skill      XL: |  1  2  3  4  5  6  7  8  9 |
---------------+----------------------------+-----
Conjurations   | 2 3 4 |  4.4
Summonings     | 2 3 4 |  4.4
Translocations | 2 3 4 |  4.4
Invocations    | 1 2 3 4 5 |  5.1
Fighting       | 1 2 3 4 |  4.6
Short Blades   | 1 2 3 4 |  4.6
Long Blades    | 1 2 3 4 |  4.6
Axes           | 1 2 3 4 |  4.6
Maces & Flails | 1 2 3 4 |  4.6
Polearms       | 1 2 3 4 |  4.6
Staves         | 1 2 3 4 |  4.6
Slings         | 1 2 3 4 |  4.6
Bows           | 1 2 3 4 |  4.6
Crossbows      | 1 2 3 4 |  4.6
Throwing       | 1 2 3 4 |  4.6
Armour         | 1 2 3 4 |  4.6
Shields        | 1 2 3 4 |  4.6
Unarmed Combat | 1 2 3 4 |  4.6
Evocations     | 1 2 3 4 |  4.6
Hexes          | 1 2 3 |  3.8
Charms         | 1 2 3 |  3.8
Necromancy     | 1 2 3 |  3.8
Transmutations | 1 2 3 |  3.8
Fire Magic     | 1 2 3 |  3.8
Ice Magic      | 1 2 3 |  3.8
Air Magic      | 1 2 3 |  3.8
Earth Magic    | 1 2 3 |  3.8
Poison Magic   | 1 2 3 |  3.8
Dodging        | 5 6 |  6.6
Stealth        | 5 6 |  6.3
Spellcasting   | 8 |  8.6

Action                   |  1- 3 |  4- 6 |  7- 9 || total
-------------------------+-------+-------+-------++-------
Melee: Spear             |    25 |     1 |       ||    26
       Bite              |     5 |     9 |    23 ||    37
       Trident           |       |    90 |    34 ||   124
       Dagger            |       |       |   259 ||   259
       Punch             |       |       |     5 ||     5
 Cast: Magic Dart        |    70 |    96 |    37 ||   203
       Call Imp          |       |    29 |    84 ||   113
       Mephitic Cloud    |       |    10 |    15 ||    25
       Poisonous Vapours |       |       |    42 ||    42
Invok: Curse Item        |       |       |     3 ||     3
  Use: Scroll            |       |     8 |     9 ||    17
       Potion            |       |       |     3 ||     3
 Stab: Sleeping          |     2 |       |     3 ||     5
       Confused          |       |     1 |     5 ||     6
       Distracted        |       |       |     3 ||     3
  Eat: Chunk             |     1 |    10 |     9 ||    20
       Ration            |       |       |     3 ||     3
Armor: Robe              |       |     7 |    85 ||    92
Dodge: Dodged            |    23 |    62 |   169 ||   254

Table legend:
 A = Non-vault XP
 B = Vault XP
 C = Vault XP percentage of total XP
 D = Non-vault monster count
 E = Vault monster count
 F = Vault count percentage of total count
                 A         B        C        D         E       F
            +---------+---------+-------+---------+---------+-------
      Total |    3373 |    1190 |  26.1 |     169 |      19 |  10.1
            +---------+---------+-------+---------+---------+-------
        D:1 |      46 |       0 |   0.0 |      23 |       0 |   0.0
        D:2 |      83 |      13 |  13.5 |      31 |       1 |   3.1
        D:3 |     108 |      82 |  43.2 |      19 |      11 |  36.7
        D:4 |     215 |     490 |  69.5 |      14 |       2 |  12.5
        D:5 |     415 |     371 |  47.2 |      15 |       3 |  16.7
        D:6 |     424 |       0 |   0.0 |      17 |       0 |   0.0
        D:7 |    1004 |       0 |   0.0 |      22 |       0 |   0.0
        D:8 |    1078 |     234 |  17.8 |      28 |       2 |   6.7
            +---------+---------+-------+---------+---------+-------
